 Dungeon Crawl Stone Soup version 0.27-a0-668-gb5737ff2c0 (webtiles) character file.

Game seed: 14524931619964442263

55 kreisler the Sneak (level 3, -1/25 HPs)
             Began as an Octopode Brigand on Mar 18, 2021.
             Slain by a jackal (3 damage)
             ... on level 2 of the Dungeon.
             The game lasted 00:06:24 (1170 turns).

kreisler the Sneak (Octopode Brigand)               Turns: 1170, Time: 00:06:25

Health: -1/25      AC:  1    Str: 10    XL:     3   Next: 93%
Magic:  3/3        EV: 13    Int: 19    God:
Gold:   48         SH:  0    Dex: 14    Spells: 2/2 levels left

rFire    . . .     SeeInvis .   a - +2 dagger
rCold    . . .     Faith    .   (no shield)
rNeg     + + .     Spirit   .   (helmet restricted)
rPois    .         Reflect  .   (no amulet)
rElec    .         Harm     .   e - ring "Faenomusm" {rN++ Int+6}
rCorr    .         Rampage  .   (no ring)
Will     .....                  (no ring)
Stlth    ++++......             (no ring)
HPRegen  0.08/turn              (no ring)
MPRegen  0.08/turn              (no ring)
                                (no ring)
                                (no ring)

@: no status effects
A: almost no armour, amphibious, 8 rings, camouflage 1, gelatinous body 1,
nimble swimmer 1, tentacles
a: no special abilities


You were on level 2 of the Dungeon.
You visited 1 branch of the dungeon, and saw 2 of its levels.

You collected 48 gold pieces.

Inventory:

Hand Weapons
 a - a +2 dagger (weapon)
Missiles
 b - 8 poisoned darts (quivered)
 c - 2 curare-tipped darts
Jewellery
 d - an amulet of faith
 e - the ring "Faenomusm" (left tentacle) {rN++ Int+6}
   (You acquired it on level 1 of the Dungeon)

   [ring of intelligence]

   It affects your intelligence (+6).
   It greatly protects you from negative energy.
Scrolls
 g - a scroll of random uselessness


   Skills:
 + Level 2.4 Fighting
 + Level 2.7 Short Blades
 + Level 2.0 Throwing
 + Level 1.2 Dodging
 + Level 6.3 Stealth


You had 2 spell levels left.
You didn't know any spells.
Your spell library was empty.

Dungeon Overview and Level Annotations

Branches:
Dungeon (2/15)

Altars:


Innate Abilities, Weirdness & Mutations

You cannot wear most types of armour.
You are amphibious.
You can wear up to eight rings at the same time.
Your skin changes colour to match your surroundings (Stealth+).
Your rubbery body absorbs attacks. (AC +1, EV +1)
You are stealthy while swimming. (Stealth+)
You have tentacles for arms and can constrict up to eight enemies at once.


Message History

You hit the quokka but do no damage. You grab the quokka.
You squeeze the quokka.
You kill the quokka!
A jackal comes into view.
A goblin comes into view. It is wielding a +0 dagger.
The goblin shouts!
The jackal barks!
You hear a shout!
A jackal comes into view. x2
You see here a wand of paralysis (7).
The jackal barks!
You hit the ufetubus but do no damage. Your grab misses the ufetubus.
The ufetubus hits you. The ufetubus closely misses you.
The ufetubus hits you. x2
You hit the ufetubus. Your grab misses the ufetubus.
The ufetubus is lightly wounded.
The ufetubus closely misses you. The ufetubus barely misses you.
You hit the ufetubus. You grab the ufetubus. You squeeze the ufetubus.
You kill the ufetubus!
The goblin hits you with a +0 dagger.
A worm comes into view.
The rat bites you.
You hit the goblin. Your grab misses the goblin.
The goblin is severely wounded.
The goblin misses you.
You closely miss the goblin. Your grab misses the goblin.
Your squeeze misses the goblin.
The goblin is severely wounded.
The rat bites you. The goblin hits you with a +0 dagger!
* * * LOW HITPOINT WARNING * * *
An ooze comes into view.
The jackal misses you.
You hit the rat.
You kill the rat!
You hit the goblin.
You kill the goblin!
The jackal bites you.
* * * LOW HITPOINT WARNING * * *
The jackal closely misses you. The jackal closely misses you.
The jackal bites you.
* * * LOW HITPOINT WARNING * * *
The jackal barely misses you. The jackal bites you.
You die...

... ....
##....
......
####J#w...
#.........
#)/...#
#hh..##
#@h†.#
#....#
.....#
.###### .#
#. . #


You could see a worm, an ooze and 3 jackals.

Vanquished Creatures
  An ufetubus (D:2)
  An ooze (D:1)
  A dart slug (D:1)
  A leopard gecko (D:1)
  A ball python (D:1)
  2 bats (D:1)
  2 giant cockroaches (D:1)
  5 goblins
  4 hobgoblins
  4 kobolds (D:1)
  2 quokkas
  5 frilled lizards (D:1)
  15 rats
44 creatures vanquished.

Notes
Turn   | Place    | Note
-------+----------+-------------------------------------------
     0 | D:1      | kreisler the Octopode Brigand began the quest for the Orb.
     0 | D:1      | Reached XP level 1. HP: 14/14 MP: 1/1
   216 | D:1      | Reached XP level 2. HP: 7/19 MP: 2/2
   438 | D:1      | Reached skill level 6 in Stealth
   595 | D:1      | Reached XP level 3. HP: 22/25 MP: 3/3
  1126 | D:1      | Identified a scroll of acquirement
  1126 | D:1      | Acquired the ring "Faenomusm" {rN++ Int+6}
  1170 | D:2      | Slain by a jackal

Illustrated notes

Levels and vault maps discovered:
D:1:      dpeg_arrival_tiny_f, layout_rooms, minmay_rat_gold_closets
D:2:      layout_rooms, makhleb_grotto_becter, chequers_ecumenical_altar_grove,
          okawaru_trees_2

Skill      XL: |  1  2 |
---------------+-------+-----
Stealth        | 6 |  6.3
Fighting       | |  2.4
Short Blades   | |  2.7
Throwing       | |  2.0
Dodging        | |  1.2

Action                   || total
-------------------------++-------
Melee: Dagger            ||    75
       Constrict         ||    11
       Tentacles         ||     8
  Use: Scroll            ||     3
 Stab: Sleeping          ||    12
Armor: Skin              ||     3
Dodge: Dodged            ||    57

Table legend: (Time is in decaauts)
 A = Elapsed time spent in this place.
 B = Non-inter-level travel time spent in this place.
 C = Inter-level travel time spent in this place.
 D = Time resting spent in this place.
 E = Time spent auto-exploring this place.
 F = Levels seen in this place.
 G = Mean time per level.
                   A        B        C        D        E       F      G
               +--------+--------+--------+--------+--------+-----+--------+
         Total |   1160 |   1134 |     26 |     40 |    865 |   2 |  580.0 |
       Dungeon |   1160 |   1134 |     26 |     40 |    865 |   2 |  580.0 |
               +--------+--------+--------+--------+--------+-----+--------+

Top non-repeatable levels by time:
     D:1: 1148 daAuts
     D:2: 12 daAuts
